 Seeded DCSS version 0.29.1-13-g9f3cf754e1 (webtiles) character file.

Game seed: 1 (custom seed)

16527 Kazon the Carver (level 12, -29/91 HPs)
             Began as a Demonspawn Fighter on Feb 3, 2023.
             Was a High Priest of Okawaru.
             Killed from afar by Azrael (44 damage)
             ... with damnation
             ... on level 13 of the Dungeon on Feb 6, 2023.
             The game lasted 00:44:08 (9199 turns).

Kazon the Carver (Demonspawn Fighter)               Turns: 9199, Time: 00:44:09

Health: -29/91     AC: 12    Str: 19    XL:     12   Next: 10%
Magic:  26/26      EV: 14    Int:  9    God:    Okawaru [*****.]
Gold:   793        SH:  8    Dex: 20    Spells: 11/11 levels left

rFire   + . .      SeeInvis +   P - +5 long sword of the Land of Plenty {drain, Dex+3}
rCold   + + .      Faith    .   c - +2 buckler
rNeg    + . .      Spirit   .   Q - +0 troll leather armour
rPois   .          Reflect  .   l - +0 helmet
rElec   .          Harm     .   R - scarf {rC+ rF+}
rCorr   .          Rampage  .   (no gloves)
Will    .....                   m - +2 pair of boots
Stlth   +++.......              f - amulet of the acrobat
HPRegen 1.05/turn               z - ring "Ytzufoes" {rC+ MP+9 Int-2 Dex+3 SInv}
MPRegen 0.20/turn               u - ring of positive energy

@: no status effects
A: claws 2, yellow scales 2, powered by death 1, spiny 2
a: Renounce Religion, Heroism, Finesse, Duel


You were on level 13 of the Dungeon.
You worshipped Okawaru.
Okawaru was extremely pleased with you.
You visited 2 branches of the dungeon, and saw 14 of its levels.

You collected 1019 gold pieces.
You spent 226 gold pieces at shops.

Inventory:

Hand Weapons
 e - a +2 dagger of venom
 s - the +3 falchion of Winter {venom, rCorr}
   (You bought it in a shop on level 3 of the Dungeon)

   It poisons the flesh of those it strikes.
   rCorr:     It protects you from acid and corrosion.
 P - the +5 long sword of the Land of Plenty (weapon) {drain, Dex+3}
   (You found it on level 10 of the Dungeon)

   A truly terrible weapon, it drains the life of any living foe it strikes.
   Dex:       It affects your dexterity (+3).
Missiles
 k - 18 stones (quivered)
 q - a throwing net
 t - 20 boomerangs
 F - 4 curare-tipped darts
 K - 34 poisoned darts
 S - a datura-tipped dart
Armour
 c - a +2 buckler (worn)
 l - a +0 helmet (worn)
 m - a +2 pair of boots (worn)
 C - a +3 leather armour of cold resistance
 Q - a +0 troll leather armour (worn)
 R - a scarf of resistance (worn)
Jewellery
 f - an amulet of the acrobat (around neck)
 n - a ring of protection from cold
 u - a ring of positive energy (right claw)
 z - the ring "Ytzufoes" (left claw) {rC+ MP+9 Int-2 Dex+3 SInv}
   (You acquired it on level 1 of the Dungeon)

   [ring of magical power]

   Int:       It affects your intelligence (-2).
   Dex:       It affects your dexterity (+3).
   rC:        It protects you from cold.
   MP:        It affects your magic capacity (+9).
   SInv:      It lets you see invisible.
Wands
 A - a wand of roots (6)
 B - a wand of flame (42)
 E - a wand of mindburst (18)
 I - a wand of paralysis (22)
 T - a wand of polymorph (7)
Scrolls
 i - 12 scrolls of identify
 o - a scroll of immolation
 p - 2 scrolls of poison {unknown}
 r - 3 scrolls of fog {unknown}
 v - 4 scrolls of teleportation
 x - a scroll of magic mapping {unknown}
 y - 2 scrolls of noise {unknown}
 G - 2 scrolls of enchant weapon {unknown}
 J - 3 scrolls of fear
 L - a scroll of summoning {unknown}
 N - a scroll of amnesia {unknown}
 O - a scroll of vulnerability {unknown}
Potions
 a - 2 potions of ambrosia {unknown}
 b - 4 potions of berserk rage {unknown}
 d - 2 potions of might
 g - 3 potions of haste {unknown}
 h - 3 potions of flight {unknown}
 j - 5 potions of attraction {unknown}
 w - 5 potions of lignification {unknown}
 D - 2 potions of cancellation {unknown}
 H - 3 potions of curing
 V - a potion of mutation {unknown}
Miscellaneous
 M - a condenser vane
 U - a phial of floods


   Skills:
 + Level 7.0 Fighting
 + Level 5.1(7.6) Short Blades
 + Level 8.8(9.4) Long Blades
 + Level 6.3 Throwing
 + Level 6.3 Armour
 + Level 5.2 Dodging
 + Level 5.1 Stealth
 + Level 6.4 Shields
 * Level 7.8 Invocations
 * Level 6.1 Evocations


You had 11 spell levels left.
You didn't know any spells.
Your spell library contained the following spells:

 Spells                   Type           Power      Damage    Failure   Level
 Apportation              Tloc           0%         N/A       52%         1
 Magic Dart               Conj           0%         1d3       52%         1
 Necrotise                Necr           0%         1d4       52%         1
 Sting                    Tmut/Pois      0%         1d3       52%         1
 Poisonous Vapours        Pois/Air       0%         N/A       65%         2
 Mephitic Cloud           Conj/Pois/Air  0%         N/A       87%         3
 Ozocubu's Armour         Ice            0%         N/A       87%         3
 Olgreb's Toxic Radiance  Pois           0%         N/A       99%         4
 Fireball                 Conj/Fire      0%         3d3       100%        5
 Iskenderun's Battlesphe  Conj           0%         2d6       100%        5
 Metabolic Englaciation   Hex/Ice        0%         N/A       100%        5
 Conjure Ball Lightning   Conj/Air       0%         3x3d6     100%        6
 Orb of Destruction       Conj           0%         9d5       100%        7
 Summon Small Mammal      Summ           Unusable   N/A       N/A         1
 Call Imp                 Summ           Unusable   N/A       N/A         2
 Simulacrum               Ice/Necr       Unusable   N/A       N/A         6

Dungeon Overview and Level Annotations

Branches:
Dungeon (13/15)            Temple (1/1) D:7            Lair (0/5) D:10
    Orc: D:9-12      Vaults: D:13-14

Altars:
Ashenzari
Dithmenos
Gozag
Hepliaklqana
Makhleb
Nemelex Xobeh
Okawaru
Uskayaw
Xom

Shops:
D:3 (   D:8 ?(==   D:10 :

Annotations:
D:12 Nessos
D:13 Azrael


Innate Abilities, Weirdness & Mutations

You have very sharp fingernails.
You are mostly covered in yellow scales. (AC +3)
You regenerate a little health from kills.
You are mostly covered in sharp spines.


Message History

Azrael is heavily wounded.
You are covered in liquid flames!
You block Azrael's attack.
You barely miss Azrael.
Azrael is heavily wounded.
You are covered in liquid flames!
You are no longer on fire.
You block Azrael's attack.
You barely miss Azrael.
Azrael is heavily wounded.
Azrael gestures at you. You block the sticky flame.
You barely miss Azrael.
Azrael is heavily wounded.
Azrael gestures at you.
The sphere of damnation explodes!
The damnation engulfs you!
The damnation engulfs Azrael.
Azrael completely resists.
You hear a bark!
You barely miss Azrael.
Azrael is heavily wounded.
Azrael is struck by your spines. Azrael completely misses you.
You slash Azrael!
Azrael is severely wounded.
Azrael is struck by your spines.
Azrael hits you with a +2 scimitar of flaming!
Azrael burns you.
You hit Azrael but do no damage.
Azrael is severely wounded.
You slash Azrael!
Azrael is almost dead.
Azrael gestures at you.
The sphere of damnation explodes!
The damnation engulfs you!!
* * * LOW HITPOINT WARNING * * *
The damnation engulfs Azrael.
Azrael completely resists.
You hear a bark!
You slash Azrael!
Azrael is almost dead.
Azrael gestures at you.
The sphere of damnation explodes!
The damnation engulfs you!!!
You die...

## ?.. #######
.... #.....#
..... #.....#
......#.....#
.....!'.....#
......##☼.#####
.h... ##R###.#
..<. #@.....#
..R #......+ E○
#..##..# .
#..##..#
#...#..#
#...#..+
#...#..#
#..##..#
#..##..#


You could see Azrael.

Vanquished Creatures
  Erolcha (D:10)
  2 two-headed ogres
  Lodul (D:12)
  An ugly thing (D:11)
  Maggie (D:6)
  An unseen horror (D:12)
  4 kobold demonologists (D:11)
  A tengu conjurer (D:12)
  4 trolls
  Prince Ribbit (D:9)
  2 shadows
  A vampire (D:10)
  22 yaks
  2 wyverns
  Eustachio (D:5)
  2 steam dragons
  Menkaure (D:5)
  Edmund (D:6)
  2 acid dragons
  4 water moccasins
  5 orc warriors
  An ice beast (D:8)
  5 sky beasts
  2 black bears (D:6)
  5 centaurs
  7 ogres
  A wolf (D:10)
  2 phantoms (D:6)
  3 kobold brigands
  3 necrophages
  A bullfrog (D:7)
  A gnoll sergeant (D:7)
  5 scorpions
  21 wights
  3 killer bees (D:10)
  An electric eel (D:10)
  A howler monkey (D:5)
  2 jellies (D:6)
  6 hounds
  7 orc priests
  A gnoll bouda (D:7)
  6 iguanas
  4 orc wizards
  Robin (D:3)
  15 gnolls
  13 adders
  3 shadow imps
  2 white imps (D:7)
  An ufetubus (D:5)
  3 worms
  37 orcs
  11 endoplasms
  A giant cockroach (D:1)
  16 goblins
  9 hobgoblins
  A jackal (D:4)
  27 kobolds
  2 quokkas
  4 ball pythons
  4 bats
  3 frilled lizards
  6 rats
307 creatures vanquished.

Notes
Turn   | Place    | Note
-------+----------+-------------------------------------------
     0 | D:1      | Kazon the Demonspawn Fighter began the quest for the Orb.
     0 | D:1      | Reached XP level 1. HP: 18/18 MP: 1/1
    38 | D:1      | Identified a scroll of acquirement
    38 | D:1      | Acquired the ring "Ytzufoes" {rC+ MP+9 Int-2 Dex+3 SInv}
   160 | D:1      | Gained mutation: You are partially covered in sharp spines.
                  | [demonic ancestry]
   160 | D:1      | Reached XP level 2. HP: 21/24 MP: 2/2
   276 | D:1      | Reached skill level 2 in Long Blades
   723 | D:2      | Gained mutation: You regenerate a little health from kills.
                  | [demonic ancestry]
   723 | D:2      | Reached XP level 3. HP: 29/29 MP: 3/3
  1122 | D:2      | Reached XP level 4. HP: 36/36 MP: 4/4
  1124 | D:2      | Reached skill level 3 in Long Blades
  1332 | D:3      | Found Umat's Antique Weapon Boutique.
  1360 | D:3      | Bought a crude falchion for 184 gold pieces
  1360 | D:3      | Identified the +3 falchion of Winter {venom, rCorr} (You
                  | bought it in a shop on level 3 of the Dungeon)
  1542 | D:3      | Noticed Robin
  1549 | D:3      | Killed Robin
  1587 | D:3      | Reached XP level 5. HP: 36/42 MP: 5/5
  1786 | D:3      | Reached skill level 5 in Fighting
  1786 | D:3      | Reached skill level 5 in Long Blades
  1786 | D:3      | Reached skill level 5 in Armour
  1786 | D:3      | Reached XP level 6. HP: 51/51 MP: 6/6
  2072 | D:4      | Reached skill level 5 in Shields
  2240 | D:4      | Gained mutation: You have sharp fingernails. [demonic
                  | ancestry]
  2240 | D:4      | Reached XP level 7. HP: 56/56 MP: 7/7
  2719 | D:4      | Found a hazy altar of Hepliaklqana.
  2785 | D:5      | Entered Level 5 of the Dungeon
  2844 | D:5      | Noticed Menkaure
  2871 | D:5      | Killed Menkaure
  3003 | D:5      | Noticed Eustachio
  3015 | D:5      | Gained mutation: You have very sharp fingernails. [demonic
                  | ancestry]
  3015 | D:5      | Reached XP level 8. HP: 60/64 MP: 8/8
  3020 | D:5      | Killed Eustachio
  3806 | D:6      | Reached skill level 1 in Evocations
  3844 | D:7      | Found a staircase to the Ecumenical Temple.
  3859 | Temple   | Entered the Ecumenical Temple
  3866 | Temple   | Became a worshipper of Warmaster Okawaru
  3903 | D:7      | Found a hide-covered altar of Uskayaw.
  3976 | D:6      | Reached skill level 5 in Throwing
  3976 | D:6      | Gained mutation: You are mostly covered in sharp spines.
                  | [demonic ancestry]
  3976 | D:6      | Reached XP level 9. HP: 63/69 MP: 9/9
  3995 | D:6      | Reached * piety under Okawaru
  3996 | D:6      | Reached skill level 1 in Invocations
  4016 | D:6      | Reached skill level 6 in Long Blades
  4292 | D:6      | Noticed Edmund
  4308 | D:6      | Killed Edmund
  4363 | D:6      | Reached ** piety under Okawaru
  4764 | D:6      | Noticed Maggie
  4779 | D:6      | Killed Maggie
  4966 | D:7      | Gained mutation: You are partially covered in yellow
                  | scales. (AC +2) [demonic ancestry]
  4966 | D:7      | Reached XP level 10. HP: 76/76 MP: 12/12
  5159 | D:7      | Reached *** piety under Okawaru
  5654 | D:8      | Found Esumer's Weapon Shop.
  5751 | D:8      | Reached skill level 7 in Long Blades
  5822 | D:8      | Found Heidghoki's Jewellery Shop.
  5948 | D:8      | Found Quzidd's Magic Scroll Emporium.
  5953 | D:8      | Bought a scroll of teleportation for 42 gold pieces
  6110 | D:8      | Found Zoxtaeshakh's Jewellery Boutique.
  6470 | D:9      | Reached **** piety under Okawaru
  6494 | D:9      | Noticed Prince Ribbit
  6506 | D:9      | Killed Prince Ribbit
  6682 | D:9      | Noticed a two-headed ogre
  6703 | D:9      | Killed a two-headed ogre
  6933 | D:10     | Entered Level 10 of the Dungeon
  6998 | D:10     | Found a staircase to the Lair.
  7060 | D:10     | Noticed Erolcha
  7064 | D:10     | Killed Erolcha
  7065 | D:10     | Reached skill level 5 in Stealth
  7065 | D:10     | Reached skill level 5 in Invocations
  7065 | D:10     | Gained mutation: You are mostly covered in yellow scales.
                  | (AC +3) [demonic ancestry]
  7065 | D:10     | Reached XP level 11. HP: 74/83 MP: 14/14
  7083 | D:10     | Identified the +5 long sword of the Land of Plenty {drain,
                  | Dex+3}
  7107 | D:10     | Found Juagoaq's Book Shoppe.
  7215 | D:10     | Reached ***** piety under Okawaru
  7326 | D:10     | Reached skill level 5 in Evocations
  7785 | D:10     | Received a gift from Okawaru
  7786 | D:10     | Reached skill level 8 in Long Blades
  7800 | D:10     | Reached skill level 5 in Dodging
  8023 | D:11     | Noticed a green ugly thing
  8032 | D:11     | Killed a green ugly thing
  8110 | D:11     | Received a gift from Okawaru
  8185 | D:11     | Noticed a sun demon
  8729 | D:11     | Received a gift from Okawaru
  9012 | D:12     | Noticed Lodul
  9018 | D:12     | Reached skill level 5 in Short Blades
  9030 | D:12     | Killed Lodul
  9031 | D:12     | Reached XP level 12. HP: 83/91 MP: 17/17
  9066 | D:12     | Noticed a two-headed ogre
  9071 | D:12     | Noticed Nessos
  9085 | D:12     | Killed a two-headed ogre
  9177 | D:13     | Noticed Azrael
  9199 | D:13     | Killed from afar by Azrael

Illustrated notes

Levels and vault maps discovered:
D:1:      dpeg_arrival_three_smaller_balls, layout_basic
D:2:      layout_loops_ring
D:3:      layout_basic, serial_shops, nicolae_shop_stone, st_stairs_9,
          minmay_misc_feat_doors, eino_curves_03, uniq_robin
D:4:      minmay_wonky_spiral, layout_basic,
          mainiacjoe_overflow_surrounded_room, minivault_5
D:5:      layout_cave_pods, uniq_menkaure, uniq_eustachio
D:6:      cheibrodos_barr_body, layout_basic, minmay_crystal_room,
          minmay_pentangle, uniq_maggie, uniq_edmund
D:7:      layout_cave_pools, nicolae_uskayaw_murder_on_the_dancefloor,
          elyvilon_altar_4, minmay_temple_entry_purple_smoke
D:8:      layout_basic, serial_shops, shop_statue, kennysheep_little_box, shop,
          nicolae_shop_window_shopping
D:9:      layout_cave_pools, uniq_prince_ribbit1
D:10:     layout_stronghold, erik_lair_island, serial_shops,
          nicolae_shop_statue_plus, uniq_erolcha
D:11:     layout_roguey
D:12:     layout_loops_ring, orc_0_dummy, chequers_serial_rivers_marsh,
          uniq_lodul, uniq_nessos, uniq_rupert
D:13:     layout_gridville, david_vaults_5, serial_shops,
          nicolae_shop_behind_doors, minmay_fractal_squares_gapless_5,
          uniq_azrael
Temple:   nicolae_temple_bog_church

Skill      XL: |  1  2  3  4  5  6  7  8  9 10 11 |
---------------+----------------------------------+-----
Long Blades    | 2 3 5 6 7 8 |  8.8
Shields        | 3 4 5 6 |  6.4
Armour         | 3 5 6 |  6.3
Fighting       | 5 6 7 |  7.0
Short Blades   | 3 4 5 |  5.1
Throwing       | 3 4 5 6 |  6.3
Dodging        | 3 4 5 |  5.2
Stealth        | 3 4 5 |  5.1
Evocations     | 1 2 4 6 |  6.1
Invocations    | 3 5 7 |  7.8

Action                   |  1- 3 |  4- 6 |  7- 9 | 10-12 || total
-------------------------+-------+-------+-------+-------++-------
Melee: Long sword        |    68 |       |       |   142 ||   210
       Dagger            |     7 |    83 |    51 |    99 ||   240
       Falchion          |       |       |   236 |   257 ||   493
Throw: Stone             |     5 |    20 |    52 |    45 ||   122
       Boomerang         |       |    11 |    12 |    55 ||    78
       Dart              |       |       |       |    17 ||    17
Invok: Heroism           |       |       |       |     6 ||     6
Evoke: Wand              |       |       |       |     6 ||     6
  Use: Scroll            |     1 |       |     2 |     2 ||     5
       Potion            |       |     1 |     2 |       ||     3
 Stab: Sleeping          |       |       |     6 |     8 ||    14
Armor: Scale mail        |    39 |    25 |    24 |       ||    88
       Leather armour    |       |       |    43 |    44 ||    87
       Troll leather arm |       |       |       |    51 ||    51
Dodge: Dodged            |    30 |    23 |   136 |   212 ||   401
Block: Buckler           |    15 |    13 |    74 |   115 ||   217
